 Dungeon Crawl Stone Soup version 0.29-a0-559-g359e09b (webtiles) character file.

Game seed: 17761069857801882556

2728 BingusPrime the Ruffian (level 9, -1/126 HPs)
             Began as a Troll Transmuter on June 10, 2022.
             Was a Priest of Qazlal.
             Slain by a boulder beetle (6 damage)
             ... on level 7 of the Dungeon.
             The game lasted 00:25:25 (6249 turns).

BingusPrime the Ruffian (Troll Transmuter)          Turns: 6249, Time: 00:25:27

Health: -1/126     AC: 24    Str: 24    XL:     9   Next: 40%
Magic:  12/14      EV:  1    Int:  9    God:    Qazlal [***...]
Gold:   393        SH:  4    Dex: 10    Spells: 13/16 levels left

rFire   . . .      SeeInvis .     - Unarmed
rCold   . . .      Faith    .   (no shield)
rNeg    . . .      Spirit   .   (body armour currently unavailable)
rPois   +          Reflect  .   (helmet currently unavailable)
rElec   .          Harm     .   (cloak currently unavailable)
rCorr   .          Rampage  .   (gloves unavailable)
Will    .....      NoTele   +   (boots unavailable)
Stlth   +.........              (no amulet)
HPRegen 1.11/turn               (no ring)
MPRegen 0.14/turn               (no ring)

@: tree-form, wereblooded
A: stationary, stasis, torment immunity, boosted hp, large, unfitting armour,
(claws 3), regeneration 1, (shaggy fur 1), (tough skin 1)
a: Renounce Religion, Upheaval, Elemental Force


You were on level 7 of the Dungeon.
You worshipped Qazlal.
Qazlal was most pleased with you.
You were a tree.
You visited 2 branches of the dungeon, and saw 8 of its levels.
You also visited: Sewer.

You collected 393 gold pieces.

Inventory:

Missiles
 i - 245 stones (quivered)
 j - 15 poisoned darts
 m - 3 boomerangs
Armour
 a - a +0 robe
 h - a +1 hat
 q - a +0 troll leather armour (melded) {Pargi}
 x - a +2 hat (melded)
Jewellery
 r - a +6 ring of dexterity
 A - a ring of fire
Wands
 s - a wand of mindburst (12)
 w - a wand of flame (24)
Scrolls
 d - a scroll of teleportation
 o - 4 scrolls of magic mapping
 v - 3 scrolls of blinking {unknown}
 y - a scroll of poison {unknown}
 z - 3 scrolls of fear {unknown}
Potions
 b - 3 potions of lignification
 c - 3 potions of curing
 e - a potion of brilliance {unknown}
 g - 2 potions of degeneration
 k - a potion of attraction {unknown}
 l - 2 potions of haste {unknown}
 n - a potion of cancellation {unknown}
 p - 3 potions of mutation
 t - a potion of resistance
 u - 6 potions of flight


   Skills:
 + Level 3.6 Fighting
 + Level 4.0 Dodging
 * Level 7.2 Unarmed Combat
 * Level 4.2 Spellcasting
 * Level 5.0 Transmutations


You had 13 spell levels left.
You knew the following spells:

 Your Spells              Type           Power      Damage    Failure   Level
a - Beastly Appendage     Tmut           22%        N/A       3%          1
b - Wereblood             Tmut           11%        N/A       4%          2

Your spell library contained the following spells:

 Spells                   Type           Power      Damage    Failure   Level
 Magic Dart               Conj           4%         1d3       26%         1
 Summon Small Mammal      Summ           4%         N/A       26%         1
 Spider Form              Tmut/Pois      6%         N/A       28%         3
 Blink                    Tloc           2%         N/A       38%         2
 Call Imp                 Summ           1%         N/A       38%         2
 Call Canine Familiar     Summ           1%         N/A       63%         3
 Lesser Beckoning         Tloc           1%         N/A       63%         3
 Mephitic Cloud           Conj/Pois/Air  1%         N/A       63%         3
 Summon Guardian Golem    Hex/Summ       1%         N/A       63%         3
 Ice Form                 Ice/Tmut       6%         N/A       67%         4
 Manifold Assault         Tloc           1%         N/A       100%        5


Dungeon Overview and Level Annotations

Branches:
Dungeon (7/15)             Temple (1/1) D:4           Sewer (visited)

Altars:
Cheibriados
Fedhas
Gozag
Makhleb
Nemelex Xobeh
Okawaru
Qazlal
Ru
Sif Muna
Trog
Uskayaw
Vehumet
Wu Jian
Yredelemnul

Annotations:
D:7 1 runed translucent door, Crazy Yiuf


Innate Abilities, Weirdness & Mutations

You are a tree.
Your roots penetrate the ground, keeping you stationary.
You cannot be teleported.
You are immune to unholy pain and torment.
Your maximum health is greatly increased.
Your equipment is partially melded.
You are too large for most types of armour.
((You have claws for hands.))
Your natural rate of healing is unusually fast.
((You are covered in fur. (AC +1)))
((You have tough skin. (AC +1)))


Message History

You scratch the boulder beetle but do no damage.
You claw the boulder beetle, but do no damage.
You headbutt the boulder beetle, but do no damage.
The boulder beetle is lightly wounded.
The boulder beetle closely misses you.
The boulder beetle attacks as you move away!
The boulder beetle bites you!
* * * LOW HITPOINT WARNING * * *
You feel much better.
The boulder beetle is engulfed in freezing vapours.
The boulder beetle closely misses you.
The boulder beetle attacks as you move away!
The boulder beetle bites you but does no damage.
The boulder beetle is engulfed in freezing vapours.
The orc priest looks satisfied for a moment.
You claw the boulder beetle!
You claw the boulder beetle, but do no damage. x2
The boulder beetle is heavily wounded.
The boulder beetle bites you!
You claw the boulder beetle!
The boulder beetle is heavily wounded.
The orc priest calls down the wrath of Beogh upon you.
Beogh smites you!
* * * LOW HITPOINT WARNING * * *
The boulder beetle bites you!!
* * * LOW HITPOINT WARNING * * *
Really quaff the potion of lignification?
Your horns disappear.
Your talons disappear.
Your +2 hat unmelds from your body.
You turn into a tree.
Your +2 hat melds into your body.
Your +0 troll leather armour {Pargi} melds into your body.
Your roots penetrate the ground.
The boulder beetle bites you but does no damage.
You feel better.
The orc priest calls down the wrath of Beogh upon you.
Beogh smites you!
* * * LOW HITPOINT WARNING * * *
An orc wizard comes into view. It is wielding a +0 dagger.
The boulder beetle bites you.
You die...

# .g. ## #+# .#
♣.♣♣ .# ♣♣.♣ ###
.# ♣.♣♣ ##...##
## ♣♣.♣
##..#(... ##
♣♣.♣♣ ##>..(#o..
.# ♣♣...♣
######oo....# .#
♣...P♣
#....♣B#.....#
.# ##..##
#.######.....#
.####....###)#
##.###
........###..#
.#
.....#..##...# #
....<##....#†#
.....##......#
###..<..###....#
#.##### ####...


You could see a boulder beetle, an orc priest, an orc wizard and an orc.

Vanquished Creatures
  Pikel (D:7)
  Joseph (D:7)
  Eustachio (D:5)
  An orc warrior (D:7)
  Pargi (D:4)
  2 black bears
  3 ogres
  A centaur (D:5)
  4 lemures (D:7)
  A kobold brigand (D:7)
  A necrophage (D:5)
  2 bullfrogs
  A scorpion (D:4)
  2 howler monkeys (D:7)
  3 hounds
  A jelly (D:6)
  2 orc priests
  3 iguanas
  Terence (D:2)
  2 orc wizards
  13 adders
  3 gnolls (D:2)
  5 river rats (Sewer)
  A shadow imp (D:5)
  A white imp (D:7)
  2 ufetubi
  2 worms
  5 dart slugs
  21 orcs
  9 ball pythons
  12 bats
  5 endoplasms
  12 giant cockroaches
  10 goblins
  4 hobgoblins
  5 jackals
  13 kobolds
  7 quokkas
  7 frilled lizards
  5 rats
176 creatures vanquished.

Notes
Turn   | Place    | Note
-------+----------+-------------------------------------------
     0 | D:1      | BingusPrime the Troll Transmuter began the quest for the
                  | Orb.
     0 | D:1      | Reached XP level 1. HP: 18/18 MP: 1/1
   119 | D:1      | Reached XP level 2. HP: 23/26 MP: 0/3
   656 | D:2      | Reached skill level 1 in Fighting
   675 | D:2      | Noticed Terence
   683 | D:2      | Killed Terence
   684 | D:2      | Reached XP level 3. HP: 20/33 MP: 2/4
  1037 | D:2      | Reached XP level 4. HP: 41/41 MP: 3/5
  1853 | D:3      | Reached XP level 5. HP: 46/48 MP: 5/7
  1869 | D:3      | Reached skill level 4 in Unarmed Combat
  1902 | D:3      | Found a hide-covered altar of Uskayaw.
  2412 | D:4      | Noticed an ogre
  2421 | D:4      | Killed an ogre
  2422 | D:4      | Reached XP level 6. HP: 57/57 MP: 8/8
  2582 | D:4      | Found a staircase to the Ecumenical Temple.
  2596 | Temple   | Entered the Ecumenical Temple
  2631 | Temple   | Became a worshipper of Qazlal Stormbringer
  2694 | D:4      | Noticed Pargi
  2703 | D:4      | Killed Pargi
  2751 | D:4      | Found a radiant altar of Vehumet.
  2880 | D:4      | Found a shimmering blue altar of Sif Muna.
  2916 | D:4      | Reached XP level 7. HP: 65/65 MP: 7/10
  3101 | D:4      | Reached skill level 5 in Unarmed Combat
  3192 | D:5      | Entered Level 5 of the Dungeon
  3248 | D:5      | Reached * piety under Qazlal
  3351 | D:5      | Noticed Eustachio
  3531 | D:5      | Killed Eustachio
  3532 | D:5      | Reached XP level 8. HP: 18/74 MP: 11/11
  3772 | D:5      | Learned a level 2 spell: Wereblood
  4505 | D:6      | Found a glowing drain.
  4642 | Sewer    | Entered a sewer
  5010 | Sewer    | Reached ** piety under Qazlal
  5455 | D:6      | Reached skill level 6 in Unarmed Combat
  5621 | D:6      | Identified the +7 ring mail of the Equinox {rPois rN+++
                  | Str-4 Int+4}
  5984 | D:7      | Noticed Pikel
  6024 | D:7      | Noticed Joseph
  6030 | D:7      | Killed Pikel
  6031 | D:7      | Reached XP level 9. HP: 41/83 MP: 13/13
  6048 | D:7      | Killed Joseph
  6049 | D:7      | Reached skill level 7 in Unarmed Combat
  6152 | D:7      | Reached skill level 5 in Transmutations
  6155 | D:7      | Reached *** piety under Qazlal
  6189 | D:7      | Found a runed translucent door.
  6190 | D:7      | Noticed Crazy Yiuf
  6236 | D:7      | Noticed a boulder beetle
  6247 | D:7      | HP: 4/84 [boulder beetle (18)]
  6249 | D:7      | Slain by a boulder beetle

Illustrated notes

Levels and vault maps discovered:
D:1:      sevenhm_arrival_forest_fort_large_4, layout_loops_ring
D:2:      layout_basic, uniq_terence
D:3:      layout_rooms, lemuel_tele_altar
D:4:      minmay_angry_zag, layout_basic, mainiacjoe_overflow_big_doors,
          temple_pool_b, serial_corexii_hall, corexii_hall_statues_deadend,
          corexii_hall_statues_i, uniq_pargi
D:5:      layout_basic, uniq_eustachio
D:6:      layout_loops_ring, portal_sewer_entry_b, nrook_pool_corridor
D:7:      layout_rooms, hangedman_decor_slide_cut, uniq_joseph, uniq_pikel,
          uniq_crazy_yiuf_cottage
Temple:   mainiacjoe_temple_coin_purse

Skill      XL: |  1  2  3  4  5  6  7  8  9 |
---------------+----------------------------+-----
Fighting       | 1 2 3 |  3.6
Transmutations | 2 3 4 5 |  5.0
Dodging        | 2 3 4 |  4.0
Spellcasting   | 2 3 4 |  4.2
Unarmed Combat | 4 5 6 7 |  7.2

Action                   |  1- 3 |  4- 6 |  7- 9 || total
-------------------------+-------+-------+-------++-------
Melee: Unarmed           |    52 |    95 |   341 ||   488
       Kick              |     6 |     8 |    34 ||    48
       Headbutt          |     2 |    10 |    17 ||    29
       Punch             |     1 |     2 |    17 ||    20
Throw: Stone             |       |    10 |     8 ||    18
 Cast: Beastly Appendage |     9 |    22 |    28 ||    59
       Wereblood         |       |       |    17 ||    17
  Use: Scroll            |     4 |     2 |     2 ||     8
       Potion            |       |       |     4 ||     4
Armor: Robe              |    11 |    24 |       ||    35
       Skin              |       |     6 |    51 ||    57
       Troll leather arm |       |       |    52 ||    52
Dodge: Dodged            |    20 |    57 |   164 ||   241
Block: Other             |       |       |    23 ||    23

Table legend: (Time is in decaauts)
 A = Elapsed time spent in this place.
 B = Non-inter-level travel time spent in this place.
 C = Inter-level travel time spent in this place.
 D = Time resting spent in this place.
 E = Time spent auto-exploring this place.
 F = Levels seen in this place.
 G = Mean time per level.
                   A        B        C        D        E       F      G
               +--------+--------+--------+--------+--------+-----+--------+
         Total |   6415 |   6042 |    373 |    144 |   4512 |   9 |  712.8 |
       Dungeon |   5400 |   5039 |    361 |    144 |   3906 |   7 |  771.4 |
        Temple |     44 |     32 |     12 |      0 |     24 |   1 |   44.0 |
         Sewer |    970 |    970 |      0 |      0 |    582 |   1 |  970.0 |
               +--------+--------+--------+--------+--------+-----+--------+

Top non-repeatable levels by time:
     D:2: 1126 daAuts
     D:5: 1072 daAuts
   Sewer: 970 daAuts
     D:6: 857 daAuts
     D:4: 745 daAuts
     D:1: 649 daAuts
     D:3: 616 daAuts
     D:7: 333 daAuts
  Temple: 44 daAuts
